 Dungeon Crawl Stone Soup version 0.31-a0-321-g19405a7a6a (webtiles) character file.

Game seed: 6248086586767217106

46 IdlyInterested the Cudgeller (level 3, 0/28 HPs)
             Began as a Demonspawn Gladiator on July 17, 2023.
             Slain by Crazy Yiuf
             ... wielding a +4 quarterstaff of chaos
              (11 damage)
             ... on level 2 of the Dungeon.
             The game lasted 00:04:06 (1557 turns).

IdlyInterested the Cudgeller (Demonspawn Gladiator) Turns: 1557, Time: 00:04:07

Health: 0/28       AC:  8    Str: 16    XL:     3   Next: 46%
Magic:  3/3        EV:  8    Int:  9    God:
Gold:   66         SH:  0    Dex: 14    Spells: 2/2 levels left

rFire   . . .        a - +0 flail
rCold   . . .        (no shield)
rNeg    . . .        k - +0 chain mail
rPois   .            t - melded +2 hat
rElec   .            (cloak currently unavailable)
rCorr   .            i - melded +2 pair of gloves
SInv    +            (boots currently unavailable)
Will    .....        l - amulet of the acrobat Stlth
                     q - ring of see invisible
HPRegen 0.24/turn    (no ring)
MPRegen 0.16/turn

%: acrobat
@: beast-form
A: beast (slay +0), spiny 1, magic regeneration
a: Begin Untransformation


You were on level 2 of the Dungeon.
You were a hulking beast.
You visited 1 branch of the dungeon, and saw 2 of its levels.

You collected 66 gold pieces.

Inventory:

Hand Weapons
 a - a +0 flail (weapon)
Missiles
 d - 3 throwing nets
 e - 7 javelins
 h - 34 stones (quivered)
 m - 2 boomerangs
Armour
 b - a +0 leather armour
 c - a +0 helmet
 f - a +0 scale mail
 i - a +2 pair of gloves (melded)
 k - a +0 chain mail (worn)
 t - a +2 hat (melded)
Jewellery
 l - an amulet of the acrobat (around neck)
 q - a ring of see invisible (left hand)
Talismans
 u - a beast talisman
Scrolls
 o - a scroll of blinking {unknown}
Potions
 g - 2 potions of berserk rage {unknown}
 j - a potion of degeneration {unknown}
 n - a potion of invisibility {unknown}
 p - a potion of haste {unknown}
 r - 2 potions of heal wounds {unknown}
 s - a potion of enlightenment {unknown}


   Skills:
 * Level 2.9 Fighting
 + Level 3.0 Maces & Flails
 - Level 2.0 Throwing
 - Level 1.0 Armour
 - Level 3.0 Dodging
 * Level 0.0 Stealth


You had 2 spell levels left.
You didn't know any spells.
Your spell library was empty.

Dungeon Overview and Level Annotations

Branches:
Dungeon (2/15)

Altars:

Annotations:
D:2 Crazy Yiuf


Innate Abilities, Weirdness & Mutations

You are a hulking beast.
Your limbs bulge with bestial killing power. (Slay +0)
You are partially covered in sharp spines.
You regenerate magic rapidly.


Message History

As you open the door, it creaks loudly!
There is an open door here.
Found a robe.
You see here a +0 robe.
You see here a +0 robe.
There is an open door here.
There is an open door here.
There is an open door here.
You see here a +0 short sword.
Found a chain mail.
You now have 52 gold pieces (gained 6).
You now have 66 gold pieces (gained 14).
There is a stone staircase leading down here.
Partly explored, can't reach some places.
You hit the fungus.
The fungus begins to die.
The fungus is lightly damaged.
You hit the fungus.
The fungus is lightly damaged.
You thump the fungus!
The fungus is lightly damaged.
A nearby fungus withers and dies.
Found a hammer.
Found a runed translucent door.
Crazy Yiuf shouts!
You begin transforming.
You continue transforming. x3
You turn into a hulking beast.
Your +2 hat melds into your body.
Your +2 pair of gloves melds into your body.
Unknown command.
As you open the door, it creaks loudly!
You hit Crazy Yiuf.
Crazy Yiuf is lightly wounded.
Crazy Yiuf twirls on the spot.
Crazy Yiuf is struck by your spines. Crazy Yiuf hits you but does no damage.
You hit Crazy Yiuf.
Crazy Yiuf is severely wounded.
Crazy Yiuf hits you with a +4 quarterstaff of chaos!
Ouch! That really hurt!
You closely miss Crazy Yiuf.
Crazy Yiuf is severely wounded.
Crazy Yiuf hits you with a +4 quarterstaff of chaos!
You die...

########
#....####........#..
#####......# ######
##########..
#..........# #..
#..........# #####
#.. ...........#
#..)# #..
#....####### #...#
##########
#....##### ...
#.........
#........# #g#
#.........
#........# ♣♣h♣
#.........
####.....# ♣.♣♣
#######... #.....#
♣♣.♣ ##.## #.....#
♣.♣♣ ########..##
####### ♣♣.♣♣
#....##..... ♣.P.♣♣
#....##..... ♣PP.P♣
#.....#..... #....#
#[..........
#....####....>#.....


You could see Crazy Yiuf.

Vanquished Creatures
  An adder (D:2)
  6 ball pythons
  2 bats
  3 endoplasms
  3 giant cockroaches
  5 goblins
  3 hobgoblins (D:2)
  5 kobolds
  A quokka (D:1)
  A frilled lizard (D:1)
  3 rats
33 creatures vanquished.

Notes
Turn   | Place    | Note
-------+----------+-------------------------------------------
     0 | D:1      | IdlyInterested the Demonspawn Gladiator began the quest for
                  | the Orb.
     0 | D:1      | Reached XP level 1. HP: 16/16 MP: 1/1
   290 | D:1      | Gained mutation: You are partially covered in sharp spines.
                  | [demonic ancestry]
   290 | D:1      | Reached XP level 2. HP: 23/23 MP: 2/2
   545 | D:1      | Found a faded altar of an unknown god.
   952 | D:2      | Reached skill level 1 in Armour
  1043 | D:2      | Gained mutation: You regenerate magic rapidly. [demonic
                  | ancestry]
  1043 | D:2      | Reached XP level 3. HP: 28/28 MP: 3/3
  1546 | D:2      | Found a runed translucent door.
  1547 | D:2      | Noticed Crazy Yiuf
  1557 | D:2      | Slain by Crazy Yiuf

Illustrated notes

Levels and vault maps discovered:
D:1:      lightli_molten_gateway, layout_loops_ring,
          ebering_ecumenical_altar_rust
D:2:      layout_basic, uniq_crazy_yiuf_cottage

Skill      XL: |  1  2  3 |
---------------+----------+-----
Throwing       | 2 |  2.0
Armour         | 1 |  1.0
Maces & Flails | 3 |  3.0
Dodging        | 3 |  3.0
Fighting       | |  2.9

Action                     || total
---------------------------++-------
  Melee: Flail             ||    72
         Punch             ||     1
 Armour: Scale mail        ||    21
         Chain mail        ||    28
  Dodge: Dodged            ||    49
   Form: Beast             ||     1

Table legend: (Time is in decaauts)
 A = Elapsed time spent in this place.
 B = Non-inter-level travel time spent in this place.
 C = Inter-level travel time spent in this place.
 D = Time resting spent in this place.
 E = Time spent auto-exploring this place.
 F = Levels seen in this place.
 G = Mean time per level.
                   A        B        C        D        E       F      G
               +--------+--------+--------+--------+--------+-----+--------+
         Total |   1576 |   1418 |    158 |     45 |    956 |   2 |  788.0 |
       Dungeon |   1576 |   1418 |    158 |     45 |    956 |   2 |  788.0 |
               +--------+--------+--------+--------+--------+-----+--------+

Top non-repeatable levels by time:
     D:1: 920 daAuts
     D:2: 655 daAuts
